 Dungeon Crawl Stone Soup version 0.23.2-1-ga50397a6bc (webtiles) character file.

Game seed: 5894414118872600308

1810 Foic the Thaumaturge (level 8, -1/53 HPs)
             Began as a Mummy Necromancer on May 15, 2019.
             Was a Believer of Sif Muna.
             Slain by a bullfrog (6 damage)
             ... on level 5 of the Dungeon.
             The game lasted 00:30:20 (7647 turns).

Foic the Thaumaturge (Mummy Necromancer)            Turns: 7647, Time: 00:30:21

Health: -1/53      AC:  6    Str: 11    XL:     8   Next: 84%
Magic:  23/23      EV: 12    Int: 16    God:    Sif Muna [**....]
Gold:   259        SH:  0    Dex: 13    Spells: 20/29 levels left

rFire    x . .     SeeInvis .   e - -3 hunting sling
rCold    + . .     Gourm    .   (no shield)
rNeg     + + +     Faith    .   l - +0 leather armour
rPois    ∞         Spirit   .   n - +0 helmet
rElec    .         Reflect  .   h - +0 cloak
rCorr    .         Harm     .   w - +0 pair of gloves
MR       +....                  (no boots)
Stlth    ++........             u - amulet of regeneration
HPRegen  0.57/turn              (no ring)
MPRegen  0.18/turn              (no ring)

@: no status effects
A: no food or potions, fire vulnerability, cold resistance 1, negative energy
resistance 3, torment resistance, unbreathing
a: Divine Energy, Renounce Religion


You were on level 5 of the Dungeon.
You worshipped Sif Muna.
Sif Muna was pleased with you.
You were not hungry.

You visited 1 branch of the dungeon, and saw 6 of its levels.

You collected 259 gold pieces.

Inventory:

Hand Weapons
 e - a -3 hunting sling (weapon)
 i - a +2 dagger of venom
 m - a +5 club
Missiles
 f - 163 stones (quivered)
Armour
 h - a +0 cloak (worn)
 l - a +0 leather armour (worn)
 n - a +0 helmet (worn)
 s - the +0 robe "Gingyocos" {rElec}
   (You found it on level 5 of the Dungeon)

   It insulates you from electricity.
 w - a +0 pair of gloves (worn)
Jewellery
 u - an amulet of regeneration (around neck)
Wands
 k - a wand of clouds (4)
 q - a wand of paralysis (9)
 v - a wand of flame (3)
Scrolls
 b - 3 scrolls of remove curse
 c - 2 scrolls of identify
 d - 3 scrolls of teleportation {unknown}
 g - a scroll of blinking {unknown}
 j - 2 scrolls of immolation {unknown}
 o - 2 scrolls of random uselessness {unknown}
 p - a scroll of enchant armour {unknown}
 r - 2 scrolls of fog {unknown}
 t - 3 scrolls of noise {unknown}


   Skills:
 + Level 0.6 Fighting
 + Level 0.7 Slings
 + Level 1.7 Armour
 + Level 2.0 Dodging
 + Level 1.7 Stealth
 * Level 11.1 Spellcasting
 + Level 7.0 Necromancy
 + Level 0.3 Evocations


You had 20 spell levels left.
You knew the following spells:

 Your Spells              Type           Power        Failure   Level  Hunger
a - Pain                  Necr           ####         1%          1    N/A
b - Animate Skeleton      Necr           N/A          1%          1    N/A
c - Vampiric Draining     Necr           ####......   1%          3    N/A
d - Animate Dead          Necr           N/A          6%          4    N/A

Your spell library contained the following spells:

 Spells                   Type           Power        Failure   Level  Hunger
 Infusion                 Chrm           #...         11%         1    N/A
 Regeneration             Chrm/Necr      Unusable     N/A         3    N/A

Dungeon Overview and Level Annotations

Branches:
Dungeon (6/15)             Temple (0/1) D:5

Altars:
Elyvilon
Kikubaaqudgha
Sif Muna
Uskayaw
Wu Jian
Yredelemnul
Zin

Shops:
D:6 *


Innate Abilities, Weirdness & Mutations

You do not eat or drink.
Your flesh is vulnerable to fire.
You are immune to poison.
Your flesh is cold resistant. (rC+)
You are immune to negative energy. (rN+++)
You are immune to unholy pain and torment.
You can survive without breathing.


Message History

The bullfrog hits you!
There is a stone staircase leading up here.
The ogre barely misses you. The bullfrog hits you.
The centaur unwields a +0 shortbow.
The centaur completely misses you.
You climb upwards.
There is a stone staircase leading down here.
The bullfrog hits you.
The ogre hits you with a +0 giant spiked club!
The bullfrog hits you but does no damage.
The centaur wields a +0 shortbow.
The centaur shoots an arrow.
The arrow hits you. The bullfrog hits you.
The centaur shoots an arrow.
The arrow hits you!
* * * LOW HITPOINT WARNING * * *
You see here 2 arrows.
The bullfrog hits you.
* * * LOW HITPOINT WARNING * * *
The centaur shoots an arrow.
The arrow hits you.
* * * LOW HITPOINT WARNING * * *
The bullfrog hits you.
You die...

###.#####.......######
##.%.....#.............
#..........####'#######
#....!.................
#.>.........<........##
###....................##
#......................##
#.................P.P....
#....[..@##.....###'###.#
#....>..F##.....#.p...#..
#...[.[cO##.....###...#..
#.......(########^'...#..
#......).# #######.#
#.....)>.# #....#
########## #....# #....#
#....#


You could see an ogre, a bullfrog and a centaur.

Vanquished Creatures
  Pikel (D:5)
  A hippogriff (D:4)
  An orc warrior (D:5)
  A slave (D:5)
  An ogre (D:4)
  A phantom (D:5)
  A scorpion (D:6)
  A howler monkey (D:4)
  An orc priest (D:5)
  5 hounds
  2 orc wizards
  Ijyb (D:3)
  Jessica (D:2)
  An iguana (D:5)
  3 worker ants
  A worker ant zombie (D:5)
  Robin (D:3)
  8 gnolls
  12 adders
  A worm (D:4)
  4 dart slugs
  6 leopard geckos
  8 orcs
  2 ball pythons
  8 giant cockroaches
  8 goblins
  7 hobgoblins
  5 jackals (D:3)
  A quokka (D:4)
  5 bats
  2 frilled lizards
  3 kobolds
  A leopard gecko zombie (D:3)
  5 rats
110 creatures vanquished.

Vanquished Creatures (collateral kills)
  An orc warrior (D:5)
  A water moccasin zombie (D:5)
  An adder skeleton (D:5)
  A worm (D:3)
  A leopard gecko (D:3)
  A quokka (D:2)
  A bat (D:3)
7 creatures vanquished.

Vanquished Creatures (others)
  A slave (D:5)
  A worker ant (D:5)
2 creatures vanquished.

Grand Total: 119 creatures vanquished

Notes
Turn   | Place    | Note
-------+----------+-------------------------------------------
     0 | D:1      | Foic the Mummy Necromancer began the quest for the Orb.
     0 | D:1      | Reached XP level 1. HP: 13/13 MP: 4/4
     2 | D:1      | Learned a level 1 spell: Animate Skeleton
   116 | D:1      | Reached skill level 3 in Spellcasting
   116 | D:1      | Reached XP level 2. HP: 19/19 MP: 0/6
   783 | D:1      | Reached XP level 3. HP: 24/24 MP: 4/7
   788 | D:1      | Learned a level 3 spell: Vampiric Draining
  1031 | D:2      | Found a deep blue altar of Sif Muna.
  1031 | D:2      | Found an ornate altar of the Wu Jian Council.
  1037 | D:2      | Became a worshipper of Sif Muna the Loreminder
  1102 | D:2      | Reached skill level 4 in Spellcasting
  1195 | D:2      | Reached XP level 4. HP: 27/30 MP: 1/10
  1475 | D:2      | Noticed Jessica
  1502 | D:2      | Killed Jessica
  1502 | D:2      | Reached skill level 5 in Spellcasting
  1518 | D:2      | Learned a level 4 spell: Animate Dead
  1574 | D:2      | Identified Jessica's Papyrus of Aid
  1665 | D:2      | Found an ancient bone altar of Kikubaaqudgha.
  2272 | D:2      | Reached XP level 5. HP: 35/35 MP: 9/12
  2337 | D:2      | Found a white marble altar of Elyvilon.
  2850 | D:3      | Reached skill level 5 in Necromancy
  3084 | D:3      | Reached * piety under Sif Muna
  3090 | D:3      | Reached skill level 6 in Spellcasting
  3772 | D:3      | Noticed Robin
  3809 | D:3      | Killed Robin
  3975 | D:3      | Noticed Ijyb
  3987 | D:3      | Killed Ijyb
  3987 | D:3      | Reached XP level 6. HP: 38/41 MP: 7/15
  4526 | D:4      | Found a hide-covered altar of Uskayaw.
  4620 | D:4      | Reached skill level 7 in Spellcasting
  5390 | D:4      | Noticed a hippogriff
  5463 | D:4      | Killed a hippogriff
  5463 | D:4      | Reached skill level 8 in Spellcasting
  5463 | D:4      | Reached XP level 7. HP: 32/46 MP: 6/18
  5630 | D:4      | Found a glowing silver altar of Zin.
  5811 | D:5      | Entered Level 5 of the Dungeon
  5824 | D:4      | Reached skill level 1 in Armour
  6148 | D:5      | Got an opalescent robe
  6149 | D:5      | Identified the +0 robe "Gingyocos" {rElec} (You found it on
                  | level 5 of the Dungeon)
  6213 | D:5      | Found a basalt altar of Yredelemnul.
  6400 | D:5      | Reached skill level 9 in Spellcasting
  6567 | D:5      | Noticed Pikel
  6581 | D:5      | Killed Pikel
  6581 | D:5      | Reached ** piety under Sif Muna
  6581 | D:5      | Reached skill level 10 in Spellcasting
  6581 | D:5      | Reached XP level 8. HP: 44/53 MP: 3/22
  6709 | D:5      | Found a staircase to the Ecumenical Temple.
  7287 | D:6      | Found Hiwnunne's Assorted Antiques.
  7404 | D:5      | HP: 1/53 [orc warrior/+2 scimitar of venom (16)]
  7408 | D:5      | Reached skill level 11 in Spellcasting
  7647 | D:5      | Slain by a bullfrog

Skill      XL: |  1  2  3  4  5  6  7  8 |
---------------+-------------------------+-----
Spellcasting   | 3 4 5 6 8 10 11 | 11.1
Necromancy     | 5 6 7 |  7.0
Armour         | 1 |  1.7
Dodging        | 2 |  2.0
Fighting       | |  0.6
Slings         | |  0.7
Stealth        | |  1.7
Evocations     | |  0.3

Action                   |  1- 3 |  4- 6 |  7- 9 || total
-------------------------+-------+-------+-------++-------
Melee: Unarmed           |       |     1 |       ||     1
 Fire: Hunting sling     |       |     5 |    18 ||    23
 Cast: Pain              |    46 |   194 |    81 ||   321
       Animate Skeleton  |     7 |     4 |       ||    11
       Animate Dead      |       |    24 |    12 ||    36
       Vampiric Draining |       |     6 |     9 ||    15
Evoke: Wand              |       |       |    10 ||    10
  Use: Scroll            |       |     3 |     1 ||     4
Armor: Robe              |     3 |    10 |       ||    13
       Leather armour    |       |    18 |    32 ||    50
Dodge: Dodged            |     2 |    59 |    62 ||   123
